 Dungeon Crawl Stone Soup version 0.29-a0-284-gf9362112df (webtiles) character file.

Game seed: 13000941292734893988

12742 drugrobin the Cleaver (level 11, -2/99 HPs)
             Began as a Demigod Fighter on Mar 18, 2022.
             Slain by a vampire
             ... wielding a staff of air
              (6 damage)
             ... on level 6 of the Dungeon.
             The game lasted 00:35:34 (15413 turns).

drugrobin the Cleaver (Demigod Fighter)            Turns: 15413, Time: 00:35:35

Health: -2/99      AC: 16    Str: 29    XL:     11   Next: 39%
Magic:  6/14       EV: 10    Int: 10    God:
Gold:   507        SH:  9    Dex: 13    Spells: 10/10 levels left

rFire   . . .      SeeInvis .   a - +0 war axe
rCold   . . .      Faith    .   B - +0 buckler
rNeg    . . .      Spirit   .   U - +0 troll leather armour
rPois   +          Reflect  +   (no helmet)
rElec   .          Harm     .   M - +1 cloak {rPois}
rCorr   .          Rampage  .   o - +0 pair of gloves
Will    +....                   x - +0 pair of boots
Stlth   +.........              y - amulet of reflection
HPRegen 1.06/turn               i - +4 ring of protection
MPRegen 0.14/turn               w - +4 ring of protection

@: attractive
A: high MP 1, forlorn, divine attributes
a: no special abilities


You were on level 6 of the Dungeon.
You visited 2 branches of the dungeon, and saw 12 of its levels.
You also visited: Sewer.

You collected 867 gold pieces.
You spent 360 gold pieces at shops.

Inventory:

Hand Weapons
 a - a +0 war axe (weapon)
 b - a +0 hunting sling
 c - a +2 whip of venom
 d - a +0 antimagic hand axe
Missiles
 f - 6 boomerangs (quivered)
 s - 26 poisoned darts
 D - 3 javelins
 H - 2 throwing nets
 J - 5 curare-tipped darts
Armour
 o - a +0 pair of gloves (worn)
 x - a +0 pair of boots (worn)
 B - a +0 buckler (worn)
 I - a +2 ring mail of fire resistance
 M - a +1 cloak of poison resistance (worn)
 U - a +0 troll leather armour (worn)
Jewellery
 i - a +4 ring of protection (left hand)
 w - a +4 ring of protection (right hand)
 y - an amulet of reflection (around neck)
 T - a ring of protection from fire
Wands
 F - a wand of paralysis (8)
 G - a wand of polymorph (11)
 O - a wand of iceblast (12)
 R - a wand of flame (13)
Scrolls
 h - 2 scrolls of blinking
 l - 5 scrolls of immolation
 n - a scroll of fog
 A - 8 scrolls of teleportation
 E - a scroll of fear
 K - 2 scrolls of amnesia
 S - a scroll of magic mapping
Potions
 e - 6 potions of brilliance
 g - 4 potions of curing
 k - 5 potions of attraction
 p - 3 potions of flight
 q - 4 potions of heal wounds {unknown}
 u - 2 potions of cancellation {unknown}
 v - 2 potions of ambrosia
 C - 3 potions of invisibility {unknown}
 L - 3 potions of haste {unknown}
 P - 2 potions of lignification
 Q - a potion of mutation {unknown}
 V - a potion of magic {unknown}


   Skills:
 + Level 9.9 Fighting
 + Level 13.8 Axes
 - Level 2.6 Armour
 - Level 2.6 Shields
 + Level 4.2 Evocations


You had 10 spell levels left.
You didn't know any spells.
Your spell library contained the following spells:

 Spells                   Type           Power      Damage    Failure   Level
 Magic Dart               Conj           0%         1d3       50%         1
 Summon Small Mammal      Summ           0%         N/A       50%         1
 Call Imp                 Summ           0%         N/A       63%         2
 Call Canine Familiar     Summ           0%         N/A       86%         3
 Mephitic Cloud           Conj/Pois/Air  0%         N/A       86%         3
 Ozocubu's Armour         Ice            0%         N/A       86%         3
 Summon Guardian Golem    Hex/Summ       0%         N/A       86%         3
 Blade Hands              Tmut           0%         N/A       100%        5
 Irradiate                Conj/Tmut      0%         3d13      100%        5
 Metabolic Englaciation   Hex/Ice        0%         N/A       100%        5
 Simulacrum               Ice/Necr       0%         N/A       100%        6
 Dragon Form              Tmut           0%         N/A       100%        7


Dungeon Overview and Level Annotations

Branches:
Dungeon (11/15)            Temple (0/1) D:6            Lair (1/6) D:10
  Sewer (visited)
    Orc: D:9-12

Shops:
D:5 ?   D:8 =

Annotations:
Lair:1 2 transporters


Innate Abilities, Weirdness & Mutations

You have an increased reservoir of magic. (+10% MP)
You shall have no god before yourself.
Your divine heritage dramatically boosts your attributes as you level up.


Message History

Unknown command.
Unknown command.
You bump into the rock wall.
You feel less confused. You block something's attack. Something bites you.
Something draws strength from your injuries!
Unknown command.
Unknown command.
Unknown command.
Unknown command.
You closely miss something.
Unknown command.
Unknown command.
Unknown command.
You slash something! Something hits you.
You are electrocuted!
Something bites you but does no damage.
Unknown command.
Unknown command.
Unknown command.
Unknown command.
Unknown command.
You miss something. Something hits you.
* * * LOW HITPOINT WARNING * * *
You are electrocuted!
* * * LOW HITPOINT WARNING * * *
Something bites you.
* * * LOW HITPOINT WARNING * * *
Something draws strength from your injuries!
Unknown command.
Unknown command.
Unknown command.
Unknown command.
It was a potion of attraction.
You feel attractive to monsters. Something hits you!
* * * LOW HITPOINT WARNING * * *
You are electrocuted.
* * * LOW HITPOINT WARNING * * *
Something bites you.
You die...

..####...# ..#####..# ######
......#..# #####....## ......#..#
#.[#.####.# ......'..###!/#.# #.#
......##.#..###.# #.# ##.......#
.###.####.# ########.#
#§§##.#..## # ####.###§§##@#.[#
#####....#§§####{#'######
......##.#§§####.#....'.#
......##.###{§.)##.88.#.#
.....)'....#######.88.#.#########
......#.##..[))..#....#..........
......#......###.#######.#######.
......#......# #....####.# #.
......#......# ###.......#######.


There were no monsters in sight!

Vanquished Creatures
  An elephant (D:10)
  3 black mambas (Lair:1)
  3 cane toads (Lair:1)
  4 gargoyles (D:8)
  2 unseen horrors
  2 kobold demonologists (D:11)
  2 trolls (D:11)
  4 blink frogs (Lair:1)
  2 wraiths
  5 yaks (D:10)
  2 wyverns
  A basilisk (D:10)
  Menkaure (D:7)
  4 vampire mosquitoes (D:5)
  6 water moccasins
  4 black bears
  An orc warrior (D:9)
  2 sky beasts
  An ice beast (D:8)
  2 ogres (D:5)
  5 centaurs
  A phantom (D:5)
  5 bullfrogs
  6 kobold brigands
  A gnoll sergeant (D:8)
  A necrophage (D:3)
  2 scorpions
  9 wights
  6 killer bees (D:9)
  An electric eel (Lair:1)
  5 howler monkeys
  A jelly (D:7)
  4 hounds
  3 gnoll shamans
  5 orc priests
  2 iguanas (D:5)
  10 orc wizards
  3 hell rats (Lair:1)
  17 gnolls
  9 adders
  10 river rats (Lair:1)
  2 worms
  4 dart slugs
  21 orcs
  14 giant cockroaches
  8 goblins
  3 hobgoblins
  7 jackals
  2 quokkas
  6 ball pythons
  6 bats
  3 frilled lizards
  26 kobolds
  8 rats
  A fire vortex (Lair:1)
269 creatures vanquished.

Vanquished Creatures (others)
  A sky beast (D:8)
  A fungus (D:10)
  A plant (Lair:1)
3 creatures vanquished.

Grand Total: 272 creatures vanquished

Notes
Turn   | Place    | Note
-------+----------+-------------------------------------------
     0 | D:1      | drugrobin the Demigod Fighter began the quest for the Orb.
     0 | D:1      | Reached XP level 1. HP: 18/18 MP: 3/3
    81 | D:1      | Reached skill level 2 in Axes
   372 | D:1      | Reached XP level 2. HP: 25/25 MP: 4/4
   893 | D:2      | Reached skill level 3 in Axes
   981 | D:2      | Reached XP level 3. HP: 30/30 MP: 5/5
  1589 | D:3      | Reached skill level 4 in Axes
  1589 | D:3      | Reached XP level 4. HP: 16/37 MP: 6/6
  2731 | D:3      | Noticed a necrophage
  2744 | D:3      | Killed a necrophage
  2745 | D:3      | Reached skill level 5 in Axes
  2745 | D:3      | Reached XP level 5. HP: 41/42 MP: 7/7
  3358 | D:4      | Reached skill level 6 in Axes
  3358 | D:4      | Reached XP level 6. HP: 38/50 MP: 8/8
  4061 | D:5      | Entered Level 5 of the Dungeon
  4273 | D:5      | Reached skill level 7 in Axes
  4389 | D:5      | Reached XP level 7. HP: 39/56 MP: 9/9
  4723 | D:5      | Reached skill level 8 in Axes
  4754 | D:5      | Reached skill level 9 in Axes
  4754 | D:5      | Reached XP level 8. HP: 22/62 MP: 10/10
  5005 | D:5      | Found Ademoexeif's Magic Scroll Shoppe.
  5010 | D:5      | Bought a scroll of enchant weapon for 90 gold pieces
  5010 | D:5      | Bought a scroll of blinking for 90 gold pieces
  5010 | D:5      | Bought a scroll of fear for 42 gold pieces
  5010 | D:5      | Bought a scroll of identify for 24 gold pieces
  5010 | D:5      | Bought 2 scrolls of noise for 24 gold pieces
  5010 | D:5      | Bought a scroll of enchant armour for 90 gold pieces
  5613 | D:6      | Found a glowing drain.
  5677 | D:6      | Reached skill level 10 in Axes
  5738 | Sewer    | Entered a sewer
  6540 | D:6      | Found a staircase to the Ecumenical Temple.
  7232 | D:7      | Reached XP level 9. HP: 53/72 MP: 11/11
  7450 | D:6      | Reached skill level 11 in Axes
  7636 | D:7      | Reached skill level 5 in Fighting
  7728 | D:7      | Noticed Menkaure
  7989 | D:7      | Killed Menkaure
  8445 | D:7      | Found a runed translucent door.
  8446 | D:7      | Noticed Crazy Yiuf
  8470 | D:7      | Noticed Crazy Yiuf
  8470 | D:7      | Crazy Yiuf changed into Crazy Yiuf the dart slug
  8472 | D:7      | Killed Crazy Yiuf the dart slug
  9072 | D:8      | Found Zitereok's Jewellery Boutique.
  9658 | D:8      | Reached skill level 12 in Axes
 10037 | D:8      | Noticed a gargoyle
 10040 | D:8      | Killed a gargoyle
 10111 | D:8      | Noticed a gargoyle
 10115 | D:8      | Killed a gargoyle
 10116 | D:8      | Reached XP level 10. HP: 86/86 MP: 13/13
 10573 | D:9      | Identified the +0 scale mail of the Mango {Str+2}
 11272 | D:10     | Entered Level 10 of the Dungeon
 11497 | D:10     | Identified the +1 robe "Jusog" {Dex+2 Archmagi}
 11719 | D:10     | Reached skill level 13 in Axes
 11906 | D:10     | Found a staircase to the Lair.
 11906 | D:10     | Noticed an elephant
 11977 | D:10     | Killed an elephant
 12111 | D:10     | Noticed a two-headed ogre
 13059 | D:11     | Noticed a soul eater
 13060 | D:11     | Reached skill level 1 in Evocations
 13205 | D:11     | Reached XP level 11. HP: 56/97 MP: 14/14
 13734 | Lair:1   | Entered Level 1 of the Lair of Beasts
 14064 | Lair:1   | Found a transporter.
 14064 | Lair:1   | Noticed a boulder beetle
 14065 | Lair:1   | Found a transporter.
 14065 | Lair:1   | Noticed a boulder beetle
 15413 | D:6      | HP: 4/99 [something (3)]
 15413 | D:6      | Slain by a vampire

Illustrated notes

Levels and vault maps discovered:
D:1:      minmay_arrival_hallway, layout_loops_cross, serial_rivers,
          chequers_serial_rivers_small_3, chequers_serial_rivers_small_a,
          chequers_serial_rivers_marsh, chequers_serial_rivers_micro_d,
          chequers_serial_rivers_micro_e
D:2:      layout_rooms, hellmonk_ecumenical_altar_dog_temple,
          kennysheep_generic_room_7
D:3:      minmay_roachtagon, layout_loops_cross, roderic_lattice_a,
          kennysheep_generic_room_9
D:4:      layout_basic, kennysheep_generic_room_11
D:5:      layout_basic, serial_shops, nicolae_shop_hallway_plus
D:6:      minmay_chambers_of_fours, layout_basic, zin_academy, temple_green,
          cheibrodos_sewer_entry_drain
D:7:      layout_cave_pools, serial_glass, glass_columns_a, glass_columns_a,
          uniq_menkaure, uniq_crazy_yiuf_cottage
D:8:      cheibrodos_statue_roulette, layout_basic, serial_shops, shop
D:9:      layout_long_grid
D:10:     layout_stronghold, david_lair_generic
D:11:     layout_rooms, serial_curves, eino_curves_03, eino_curves_04
Lair:1:   gammafunk_boulding_lane, layout_gridlike,
          hangedman_lair_unloving_vines, serial_bayou_pond_a,
          kennysheep_abandoned_house

Skill      XL: |  1  2  3  4  5  6  7  8  9 10 11 |
---------------+----------------------------------+-----
Axes           | 2 3 4 5 6 7 9 10 12 13 | 13.8
Fighting       | 4 7 9 |  9.9
Evocations     | 2 4 |  4.2
Armour         | |  2.6
Shields        | |  2.6

Action                   |  1- 3 |  4- 6 |  7- 9 | 10-12 || total
-------------------------+-------+-------+-------+-------++-------
Melee: War axe           |   135 |   116 |   378 |   370 ||   999
       Dagger            |       |       |    10 |       ||    10
       Whip              |       |       |    18 |    82 ||   100
       Hand axe          |       |       |     5 |    20 ||    25
 Fire: Hunting sling     |    14 |    12 |    10 |     2 ||    38
Throw: Boomerang         |     6 |     6 |    27 |     6 ||    45
       Javelin           |       |     7 |       |       ||     7
       Dart              |       |     9 |     2 |     8 ||    19
Evoke: Wand              |       |       |     4 |     2 ||     6
  Use: Potion            |       |       |     6 |     2 ||     8
       Scroll            |       |       |     6 |     3 ||     9
 Stab: Paralysed         |       |       |     4 |     2 ||     6
Armor: Scale mail        |    85 |    55 |   134 |       ||   274
       Skin              |       |       |    16 |       ||    16
       Chain mail        |       |       |    37 |       ||    37
       Ring mail         |       |       |    19 |   117 ||   136
       Troll leather arm |       |       |       |    60 ||    60
Dodge: Dodged            |    77 |    43 |   136 |   137 ||   393
Block: Buckler           |    29 |    31 |   211 |   189 ||   460
       Reflection        |       |       |    14 |     4 ||    18

Table legend: (Time is in decaauts)
 A = Elapsed time spent in this place.
 B = Non-inter-level travel time spent in this place.
 C = Inter-level travel time spent in this place.
 D = Time resting spent in this place.
 E = Time spent auto-exploring this place.
 F = Levels seen in this place.
 G = Mean time per level.
                   A        B        C        D        E       F      G
               +--------+--------+--------+--------+--------+-----+--------+
         Total |  15507 |  14727 |    780 |   3539 |   7511 |  13 | 1192.8 |
       Dungeon |  13812 |  13193 |    619 |   3206 |   6792 |  11 | 1255.6 |
          Lair |   1283 |   1122 |    161 |     91 |    655 |   1 | 1283.0 |
         Sewer |    411 |    411 |      0 |    242 |     63 |   1 |  411.0 |
               +--------+--------+--------+--------+--------+-----+--------+

Top non-repeatable levels by time:
     D:8: 2006 daAuts
     D:6: 1886 daAuts
     D:5: 1641 daAuts
    D:10: 1502 daAuts
     D:3: 1445 daAuts
  Lair:1: 1283 daAuts
     D:9: 933 daAuts
     D:4: 924 daAuts
     D:7: 914 daAuts
     D:2: 914 daAuts
     D:1: 875 daAuts
    D:11: 767 daAuts
   Sewer: 411 daAuts
